 Dungeon Crawl Stone Soup version 0.22-b1-21-g5cfc168 (webtiles) character file.

219 dorian the Chucker (level 5, -1/38 HPs)
             Began as a Merfolk Hunter on Aug 5, 2018.
             Slain by an iguana (4 damage)
             ... on level 4 of the Dungeon.
             The game lasted 00:08:39 (3009 turns).

dorian the Chucker (Merfolk Hunter)                 Turns: 3009, Time: 00:08:40

Health: -1/38      AC:  6    Str: 18    XL:     5   Next: 96%
Magic:  5/5        EV: 12    Int: 11    God:
Gold:   67         SH:  0    Dex: 14    Spells: 4/4 levels left

rFire    . . .     SeeInvis .   a - +1 short sword
rCold    . . .     Gourm    +   (no shield)
rNeg     . . .     Faith    .   p - +0 ring mail
rPois    .         Spirit   .   (no helmet)
rElec    .         Reflect  .   n - +0 cloak
rCorr    .         Harm     .   (no gloves)
MR       .....                  (no boots)
Stlth    +.........             i - amulet of the gourmand
HPRegen  0.12/turn              (no ring)
MPRegen  0.09/turn              (no ring)

@: mighty, lethally poisoned (-1 -> -2)
A: change form in water, swift swim, stealthy swim
a: no special abilities


You were on level 4 of the Dungeon.
You were completely stuffed.

You visited 1 branch of the dungeon, and saw 4 of its levels.

You collected 67 gold pieces.

Inventory:

Hand Weapons
 a - a +1 short sword (weapon)
Missiles
 k - 2 tomahawks (quivered)
Armour
 b - a +0 leather armour
 n - a +0 cloak (worn)
 p - a +0 ring mail (worn)
Jewellery
 i - an amulet of the gourmand (around neck)
Scrolls
 g - a scroll of identify
Potions
 e - a potion of resistance {unknown}
 h - a potion of magic {unknown}
 j - a potion of haste {unknown}
 m - a potion of might
Comestibles
 f - 5 rations
 o - 4 chunks of flesh


   Skills:
 - Level 2.1 Fighting
 + Level 7.0 Throwing
 - Level 2.6 Dodging
 - Level 1.1 Stealth


You had 4 spell levels left.
You didn't know any spells.
Your spell library contained the following spells:

 Spells                   Type           Power        Failure   Level  Hunger
 Confuse                  Hex            #.......     88%         3    ####...
 Confusing Touch          Hex            #.....       54%         1    ##.....
 Metabolic Englaciation   Hex/Ice        #.........   100%        5    ######.
 Petrify                  Tmut/Erth      #.......     99%         4    #####..
 Gell's Gravitas          Tloc           #.........   88%         3    ####...
 Yara's Violent Unravell  Hex/Tmut       #.........   100%        5    ######.


Dungeon Overview and Level Annotations

Branches:
Dungeon (4/15)
 Temple: D:4-7

Altars:

Annotations:
D:3 Sigmund


Message History

Okay, then.
Okay, then.
It was a potion of might.
You feel very mighty all of a sudden.
You feel sick.
You barely miss the iguana. The iguana misses you.
You puncture the iguana!
The iguana is heavily wounded.
The iguana bites you.
* * * LOW HITPOINT WARNING * * *
You barely miss the iguana.
The iguana is heavily wounded.
You feel sick. The iguana barely misses you.
You hit the iguana.
The iguana is severely wounded.
The iguana completely misses you.
You closely miss the iguana.
The iguana is severely wounded.
You feel sick. The iguana bites you.
You die...

## ..###
....#### .
##### ...
..# ..
###...####.#
#.# ...
#..##......#
#.# ...#
#..####....+
+.# .....
#@## ##...#
#..
...#..#l#
##..#####..
.......%#
#.........
.#.#.##(.#
#....##...
.... #..#
#...######
(.. #..#
#..## ..
...# #..# .
.(.# #..###
..##
#....###


You could see an iguana.

Vanquished Creatures
  A hound (D:4)
  An orc priest (D:4)
  A worker ant (D:4)
  5 adders
  A worm (D:2)
  3 leopard geckos
  6 orcs
  A ball python (D:2)
  4 giant cockroaches
  9 goblins
  7 hobgoblins
  2 jackals (D:1)
  8 kobolds
  4 quokkas
  11 bats
  5 frilled lizards
  A quokka skeleton (D:2)
  6 rats
76 creatures vanquished.

Notes
Turn   | Place    | Note
-------+----------+-------------------------------------------
     0 | D:1      | dorian the Merfolk Hunter began the quest for the Orb.
     0 | D:1      | Reached XP level 1. HP: 16/16 MP: 1/1
   126 | D:1      | Reached XP level 2. HP: 10/22 MP: 2/2
   281 | D:1      | Reached XP level 3. HP: 5/27 MP: 3/3
   575 | D:1      | Reached skill level 5 in Throwing
  1695 | D:2      | Reached XP level 4. HP: 32/33 MP: 4/4
  2560 | D:2      | Reached skill level 6 in Throwing
  2652 | D:3      | Reached XP level 5. HP: 36/38 MP: 5/5
  2826 | D:3      | Noticed Sigmund
  2997 | D:4      | Reached skill level 7 in Throwing
  3009 | D:4      | Slain by an iguana

Skill      XL: |  1  2  3  4  5 |
---------------+----------------+-----
Throwing       | 5 6 7 |  7.0
Fighting       | |  2.1
Dodging        | |  2.6
Stealth        | |  1.1

Action                   |  1- 3 |  4- 6 || total
-------------------------+-------+-------++-------
Melee: Short sword       |   135 |   152 ||   287
Throw: Javelin           |    21 |    14 ||    35
       Throwing net      |     2 |     3 ||     5
       Tomahawk          |       |     1 ||     1
  Use: Potion            |     3 |     3 ||     6
       Scroll            |     2 |     1 ||     3
 Stab: Sleeping          |     4 |     2 ||     6
  Eat: Chunk             |     5 |    12 ||    17
Armor: Leather armour    |    50 |    16 ||    66
       Ring mail         |       |    32 ||    32
Dodge: Dodged            |   159 |   161 ||   320
